[Event "January 2 Late 2024"]
[Site "https://www.chess.com"]
[Date "2024.01.02"]
[Round "1"]
[White "Sukandar, Irine Kharisma"]
[Black "Goryachkina, Aleksandra"]
[Result "1-0"]
[Board "132"]
[TimeControl "180+1"]
[WhiteFideId "7101937"]
[BlackFideId "4147103"]
[WhiteElo "2366"]
[BlackElo "2671"]
[WhiteTeam "INA"]
[BlackTeam "FID"]
[WhiteClock "0:00:13"]
[BlackClock "0:00:00"]

1. d4 Nf6 2. Bf4 c5 3. e3 cxd4 4. exd4 b6 5. Nf3 Bb7 6. Nbd2 g6 7. Bc4 Bg7 8. O-O O-O 9. Ne5 d6 10. Nef3 Nbd7 11. Re1 Rc8 12. c3 h6 13. Qb3 Nb8 14. a4 Nc6 15. Qc2 e6 16. h3 Ne7 17. Bb3 Kh8 18. Bh2 Qc7 19. Qd3 Rfd8 20. a5 Nfd5 21. axb6 axb6 22. Ne4 Bc6 23. Qe2 b5 24. Nfd2 b4 25. c4 Nf6 26. Nxd6 Rxd6 27. c5 Qb7 28. cxd6 Nf5 29. Be5 Bxg2 30. f3 Nh4 31. Rac1 Rxc1 32. Rxc1 Bxf3 33. Rc7 Qa8 34. Qf2 g5 35. d7 Nxd7 36. Bxg7+ Kxg7 37. Rxd7 Qa1+ 38. Kh2 Qxb2 39. Bxe6 Qc3 40. Rxf7+ Kg6 41. Nxf3 1-0

[Event "January 2 Late 2024"]
[Site "https://www.chess.com"]
[Date "2024.01.02"]
[Round "1"]
[White "Vlassov, Nikolai"]
[Black "Figorito, Nick"]
[Result "0-1"]
[Board "133"]
[TimeControl "180+1"]
[WhiteFideId "4103360"]
[BlackFideId "30923689"]
[WhiteElo "2671"]
[BlackElo "2364"]
[WhiteTeam "FID"]
[BlackTeam "USA"]
[WhiteClock "0:00:12"]
[BlackClock "0:00:10"]

1. e4 e6 2. d4 d5 3. e5 c5 4. c3 Bd7 5. Nf3 Qb6 6. a3 Bb5 7. c4 Bxc4 8. Bxc4 dxc4 9. d5 exd5 10. Qxd5 Ne7 11. Qxc4 Ng6 12. O-O Be7 13. Nc3 O-O 14. Be3 Qe6 15. Qxe6 fxe6 16. Ne4 Nd7 17. Rfd1 Ndxe5 18. Nxe5 Nxe5 19. Bxc5 Bxc5 20. Nxc5 Rfe8 21. Nxb7 Rab8 22. Nd6 Re7 23. b4 Nf7 24. Nxf7 Kxf7 25. Rd6 Rc8 26. Rad1 Rc3 27. R6d3 Rec7 28. g3 Ke7 29. Kg2 Rc2 30. Rf3 Ra2 31. Rd4 Rac2 32. Rh4 h6 33. Rg4 Kd6 34. Rg6 R2c3 35. Rxc3 Rxc3 36. Rxg7 Rxa3 37. h4 Ra4 38. Rxa7 Rxa7 39. Kf3 Rb7 40. Kg4 Rb5 41. f4 Ke7 42. Kf3 Kf6 43. g4 Rxb4 44. g5+ hxg5 45. fxg5+ Kf5 0-1

[Event "January 2 Late 2024"]
[Site "https://www.chess.com"]
[Date "2024.01.02"]
[Round "1"]
[White "Bregu, Riza"]
[Black "Rostomyan, Mikayel"]
[Result "1-0"]
[Board "134"]
[TimeControl "180+1"]
[WhiteFideId "4701739"]
[BlackFideId "13313754"]
[WhiteElo "2363"]
[BlackElo "2670"]
[WhiteTeam "ALB"]
[BlackTeam "ARM"]
[WhiteClock "0:00:34"]
[BlackClock "0:00:31"]

1. e4 c5 2. b4 cxb4 3. a3 b3 4. cxb3 Nc6 5. Nf3 d6 6. d4 Nf6 7. Nc3 g6 8. e5 dxe5 9. d5 e4 10. dxc6 Qxd1+ 11. Kxd1 exf3 12. cxb7 Bxb7 13. Bb5+ Nd7 14. Kc2 fxg2 15. Rd1 O-O-O 16. Bf4 Nb6 17. f3 Bxf3 18. Ba6+ Bb7 19. Bxb7+ Kxb7 20. Rxd8 f6 21. Rg1 e5 22. Be3 Kc7 23. Bxb6+ axb6 24. Re8 Bc5 25. Rxh8 Bxg1 26. Rxh7+ Kc6 27. Rg7 g5 28. h4 Bf2 29. Ne2 Bxh4 30. Rg6 Kd5 31. Rxf6 Ke4 32. Rxb6 Ke3 33. Kd1 e4 34. a4 Bg3 35. a5 Bc7 36. Rb5 Kf2 37. a6 g1=Q+ 38. Nxg1 Kxg1 39. a7 e3 40. Ke2 1-0

[Event "January 2 Late 2024"]
[Site "https://www.chess.com"]
[Date "2024.01.02"]
[Round "1"]
[White "Palchuk, Andrii"]
[Black "Ward, Ieuan C"]
[Result "1-0"]
[Board "135"]
[TimeControl "180+1"]
[WhiteFideId "14176688"]
[BlackFideId "406627"]
[WhiteElo "2669"]
[BlackElo "2362"]
[WhiteTeam "UKR"]
[BlackTeam "ENG"]
[WhiteClock "0:00:51"]
[BlackClock "0:00:00"]

1. d4 Nf6 2. c4 e6 3. Nf3 b6 4. g3 Bb7 5. Bg2 Be7 6. O-O O-O 7. Re1 Ne4 8. Qc2 f5 9. Nfd2 d5 10. Nc3 c6 11. e3 Nd7 12. Ne2 Ndf6 13. Nf4 Qd7 14. Nf3 Bd6 15. Nd3 Rac8 16. Nfe5 Qe7 17. f3 Ng5 18. c5 bxc5 19. Nxc5 Bxc5 20. Qxc5 Qxc5 21. dxc5 Nf7 22. Nxf7 Rxf7 23. b4 Nd7 24. Bb2 a5 25. a3 Ba6 26. e4 fxe4 27. fxe4 Rcf8 28. exd5 exd5 29. Bd4 a4 30. Bh3 Kh8 31. Be6 Re7 32. Bg4 Ref7 33. Bh5 Rf5 34. Be8 Nb8 35. Re7 Rg5 36. Rae1 Kg8 37. Kg2 h5 38. h4 Rg4 39. Be5 1-0

[Event "January 2 Late 2024"]
[Site "https://www.chess.com"]
[Date "2024.01.02"]
[Round "1"]
[White "Bueno, Alfeu Junior Varela"]
[Black "TheCavemanChess"]
[Result "0-1"]
[Board "136"]
[TimeControl "180+1"]
[WhiteFideId "2108879"]
[WhiteElo "2361"]
[BlackElo "2665"]
[WhiteTeam "BRA"]
[WhiteClock "0:00:02"]
[BlackClock "0:01:10"]

1. e4 Nc6 2. Nc3 Nf6 3. f4 d5 4. e5 d4 5. exf6 dxc3 6. fxg7 cxd2+ 7. Bxd2 Bxg7 8. c3 Bf5 9. Bc4 Qd6 10. Qe2 O-O-O 11. O-O-O e5 12. g4 Be6 13. f5 Bxc4 14. Qxc4 h5 15. g5 e4 16. Ne2 Ne5 17. Qxe4 Nd3+ 18. Kb1 Nf2 19. Qe3 Nxh1 20. Qxa7 Qd3+ 21. Ka1 Qxe2 22. Qa8+ Kd7 23. Qa4+ b5 24. Qb3 Kc8 25. a3 Rxd2 26. Rxd2 Qxd2 27. Qxf7 Bxc3 28. Qxc7+ Kxc7 0-1

[Event "January 2 Late 2024"]
[Site "https://www.chess.com"]
[Date "2024.01.02"]
[Round "1"]
[White "Sevgi, Volkan"]
[Black "Semenenko, Dmytry"]
[Result "1-0"]
[Board "137"]
[TimeControl "180+1"]
[WhiteFideId "6325335"]
[BlackFideId "14118645"]
[WhiteElo "2664"]
[BlackElo "2361"]
[WhiteTeam "TUR"]
[BlackTeam "UKR"]
[WhiteClock "0:00:22"]
[BlackClock "0:00:16"]

1. e4 Nf6 2. e5 Nd5 3. c4 Nb6 4. c5 Nd5 5. Bc4 e6 6. d4 d6 7. cxd6 cxd6 8. Nf3 dxe5 9. dxe5 Bb4+ 10. Bd2 O-O 11. O-O Bxd2 12. Nbxd2 Nc6 13. Ne4 Nb6 14. Bb5 Qe7 15. Rc1 Qb4 16. Bxc6 bxc6 17. Qd4 Nd5 18. a3 Qxd4 19. Nxd4 Ba6 20. Rfd1 Nf4 21. Nc5 Rad8 22. Nxa6 Rxd4 23. Rxd4 Ne2+ 24. Kf1 Nxd4 25. Rc4 Rd8 26. Nb4 Kf8 27. Nxc6 Rc8 28. Na5 Rd8 29. Nb7 Rd7 30. Rc8+ Ke7 31. Nd6 Rd8 32. Rxd8 Kxd8 33. Nxf7+ Kd7 34. f4 Nb3 35. Ke2 Nd4+ 36. Kd3 Nc6 37. b4 h6 38. Ke4 Ne7 39. Nd6 Nd5 40. f5 Nc3+ 41. Kd3 Nb1 42. a4 a6 43. g4 Na3 44. Ne4 Ke7 45. f6+ gxf6 46. exf6+ Kf7 47. h4 e5 48. g5 hxg5 49. hxg5 Nb1 50. Kc2 Na3+ 51. Kb3 Nb1 52. Kb2 1-0

[Event "January 2 Late 2024"]
[Site "https://www.chess.com"]
[Date "2024.01.02"]
[Round "1"]
[White "Khodabandeh, Milad"]
[Black "Banzea, Alexandru-Bogdan"]
[Result "0-1"]
[Board "138"]
[TimeControl "180+1"]
[WhiteFideId "12538620"]
[BlackFideId "1232622"]
[WhiteElo "2359"]
[BlackElo "2663"]
[WhiteTeam "IRI"]
[BlackTeam "ROU"]
[WhiteClock "0:00:00"]
[BlackClock "0:00:06"]

1. e4 c6 2. d3 d5 3. Nc3 g6 4. Nf3 Bg7 5. Be2 Nh6 6. O-O O-O 7. Re1 f6 8. e5 Nf7 9. exf6 exf6 10. Bf1 Re8 11. Rxe8+ Qxe8 12. Bf4 Nd7 13. d4 Nf8 14. Qd2 g5 15. Bg3 Ng6 16. Re1 Qd8 17. Na4 Nd6 18. Bd3 Kf7 19. Nc5 b6 20. Nb3 h5 21. h4 g4 22. Nh2 Nf5 23. Nf1 Ngxh4 24. Ne3 Bh6 25. Bxh4 Nxh4 26. Qe2 Ng6 27. c4 Nf4 28. Qc2 Be6 29. cxd5 cxd5 30. Bf5 Qd7 31. Bxe6+ Qxe6 32. Qh7+ Bg7 33. Nc2 Qc6 34. Ne3 Re8 35. g3 Rh8 36. Qd3 Nxd3 0-1

[Event "January 2 Late 2024"]
[Site "https://www.chess.com"]
[Date "2024.01.02"]
[Round "1"]
[White "Annaberdiyev, Meylis"]
[Black "Kleibel, Uwe"]
[Result "1-0"]
[Board "139"]
[TimeControl "180+1"]
[WhiteFideId "14000563"]
[BlackFideId "1270982"]
[WhiteElo "2663"]
[BlackElo "2356"]
[WhiteTeam "TKM"]
[BlackTeam "GER"]
[WhiteClock "0:00:20"]
[BlackClock "0:00:22"]

1. e4 e5 2. Nf3 Nc6 3. Bc4 Nf6 4. Qe2 Bc5 5. c3 O-O 6. d3 a6 7. Bb3 d5 8. Bg5 dxe4 9. dxe4 Be7 10. O-O Bg4 11. h3 Bh5 12. Rd1 Qc8 13. Nbd2 h6 14. Bh4 Bg6 15. Bxf6 Bxf6 16. Nf1 Be7 17. Bd5 Bd6 18. Nh4 Ne7 19. Nxg6 Nxg6 20. Qg4 Qxg4 21. hxg4 Rab8 22. g3 Ne7 23. Kg2 Rfd8 24. Bb3 Bc5 25. Nd2 Kf8 26. Nf3 f6 27. Be6 Rd6 28. Rxd6 Bxd6 29. Rd1 Ke8 30. Nd2 Nc6 31. Nc4 Ke7 32. Bd5 Nd8 33. Ne3 Kf8 34. Nf5 g6 35. Nxh6 Kg7 36. g5 fxg5 37. Ng4 Nf7 38. Bxf7 Kxf7 39. Rh1 Kg7 40. Kf3 Rf8+ 41. Ke2 Bc5 42. f3 Bd6 43. a4 a5 44. Kf2 Rf7 45. Kg2 Rf8 46. Rd1 b6 47. Rd5 Re8 48. Ne3 Kf7 49. Nc4 Ke6 50. Rd1 Rh8 51. Rh1 Rxh1 52. Kxh1 Bc5 53. Kg2 Kf6 54. Kh3 Ke6 55. Kg4 Kf6 56. Nd2 Be3 57. Nc4 Bc5 58. b3 Be7 59. Ne3 c6 60. Nc4 Bc5 61. b4 axb4 62. cxb4 Bxb4 63. Nxb6 c5 64. Nc4 Ke6 65. Kxg5 Be1 66. g4 Kd7 67. Kxg6 Kc6 68. Kf5 Bc3 69. g5 Kd7 70. g6 Ke7 71. a5 1-0

[Event "January 2 Late 2024"]
[Site "https://www.chess.com"]
[Date "2024.01.02"]
[Round "1"]
[White "Ramos Rivera, Jesse James"]
[Black "Injac, Teodora"]
[Result "0-1"]
[Board "140"]
[TimeControl "180+1"]
[WhiteFideId "3103250"]
[BlackFideId "932400"]
[WhiteElo "2356"]
[BlackElo "2661"]
[WhiteTeam "PUR"]
[BlackTeam "SRB"]
[WhiteClock "0:00:09"]
[BlackClock "0:00:08"]

1. e4 e6 2. d4 d5 3. exd5 exd5 4. c4 Nf6 5. Nc3 Bb4 6. Nf3 O-O 7. Bd3 Re8+ 8. Be3 dxc4 9. Bxc4 Nbd7 10. Bxf7+ Kxf7 11. Qb3+ Kf8 12. Qxb4+ Qe7 13. Qb3 Nb6 14. O-O Be6 15. Qc2 Kg8 16. Rfe1 c6 17. Bg5 Qf8 18. Ne5 Nfd5 19. h3 Bf5 20. Qd2 h6 21. Bh4 Re6 22. Re2 Rae8 23. Rae1 Bh7 24. Bg3 Qf5 25. Ne4 Nd7 26. Nc3 N7f6 27. Kh2 Qh5 28. f3 Qf5 29. Ne4 b6 30. Nxf6+ Nxf6 31. Ng4 Nd5 32. Re5 Rxe5 33. dxe5 Qe6 34. b3 h5 35. Nf2 Qe7 36. h4 Nc7 37. Nh3 Ne6 38. Qd6 Qf7 39. Qxc6 Bf5 40. Ng5 Nxg5 41. hxg5 Rc8 42. Qd6 Rc2 43. e6 Qe8 44. e7 Bg6 45. Qe6+ Kh7 46. Re2 Rc1 47. Qe5 Rc6 48. Qd4 Rc5 49. Be5 Kg8 50. Bxg7 Rxg5 51. Qf6 Rf5 52. Qd4 Rf7 53. Bf8 Kh7 54. Qe5 Rf5 55. Qe3 Rf7 56. Qe6 Rf5 57. Re5 Rxe5 58. Qxe5 Qf7 59. Qg7+ Qxg7 60. Bxg7 Kxg7 61. g4 hxg4 62. fxg4 Kf6 63. Kg3 Kxe7 64. Kf4 Ke6 65. Kg5 Bb1 66. Kh6 Bxa2 67. b4 Bc4 68. g5 Ke5 69. g6 Kd4 70. g7 Kc3 71. b5 Kb4 0-1

[Event "January 2 Late 2024"]
[Site "https://www.chess.com"]
[Date "2024.01.02"]
[Round "1"]
[White "Araujo Sanchez, Josue"]
[Black "Pein, Jonathan"]
[Result "1-0"]
[Board "141"]
[TimeControl "180+1"]
[WhiteFideId "6416896"]
[BlackFideId "417092"]
[WhiteElo "2660"]
[BlackElo "2354"]
[WhiteTeam "DOM"]
[BlackTeam "ENG"]
[WhiteClock "0:00:36"]
[BlackClock "0:00:00"]

1. d4 g6 2. e4 Bg7 3. Nc3 d6 4. Be3 Nc6 5. Qd2 Nf6 6. f3 e5 7. Nge2 exd4 8. Nxd4 O-O 9. O-O-O Nxd4 10. Bxd4 Be6 11. Kb1 c5 12. Be3 Qa5 13. Bh6 Bxh6 14. Qxh6 b5 15. h4 c4 16. h5 b4 17. Ne2 c3 18. b3 Qa3 19. Qc1 Qxc1+ 20. Kxc1 Nxh5 21. g4 Ng7 22. Rxd6 Rfd8 23. Rxd8+ Rxd8 24. Nf4 a5 25. Bd3 a4 26. g5 a3 27. Kd1 Bc8 28. Ke2 Ne6 29. Nxe6 Bxe6 30. Ke3 Kg7 31. f4 Re8 32. e5 Bd5 33. Rd1 Be6 34. Kd4 Rc8 35. Rh1 Bd7 36. Re1 Be6 37. Be4 Rd8+ 38. Kc5 Rb8 39. Rd1 Kf8 40. Rd4 h6 41. gxh6 Ke7 42. Rc4 Rh8 43. Rxb4 Rxh6 44. Bd3 Rh1 45. Rb7+ Kf8 46. Ra7 Rc1 47. Rxa3 Rb1 48. Kd4 Rf1 49. Ke3 Re1+ 50. Kf2 Rc1 51. Ke3 Kg7 52. Kd4 Bf5 53. Bxf5 gxf5 54. Kxc3 Re1 55. Ra4 Ra1 56. b4 f6 57. e6 Re1 58. Ra6 Re3+ 59. Kb2 Re4 60. a3 Rxf4 61. b5 Re4 62. b6 Rxe6 63. b7 Rxa6 64. b8=Q Re6 65. Qc8 1-0

[Event "January 2 Late 2024"]
[Site "https://www.chess.com"]
[Date "2024.01.02"]
[Round "1"]
[White "Melamed, Daniel"]
[Black "Agibileg, Uurtsaikh"]
[Result "0-1"]
[Board "142"]
[TimeControl "180+1"]
[WhiteFideId "3229076"]
[BlackFideId "4901606"]
[WhiteElo "2351"]
[BlackElo "2656"]
[WhiteTeam "AUS"]
[BlackTeam "MGL"]
[WhiteClock "0:00:00"]
[BlackClock "0:00:19"]

1. d4 Nf6 2. Nf3 g6 3. Nc3 d5 4. Bf4 Bg7 5. e3 O-O 6. Be2 c5 7. Ne5 cxd4 8. exd4 Nc6 9. Qd2 Qb6 10. O-O-O Ne4 11. Nxe4 dxe4 12. Nxc6 bxc6 13. Bh6 Rb8 14. b3 Rd8 15. Bxg7 Kxg7 16. Qf4 f6 17. Qxe4 Rb7 18. c3 Bf5 19. Qe3 Rbd7 20. h4 Qa5 21. Kb2 h5 22. f3 e5 23. dxe5 Qxe5 24. Qxe5 Rd2+ 25. Kc1 Rc2+ 26. Kb1 Rxe2+ 27. Qxf5 Rxd1+ 28. Rxd1 gxf5 29. Rg1 f4 30. g3 fxg3 31. Rxg3+ Kf7 32. Rh3 Rf2 33. Rh1 Rxf3 34. Kb2 f5 35. Rd1 Ke6 36. Rd8 f4 37. Rh8 Kf5 38. Rxh5+ Kg4 39. Rh8 Rh3 40. Rg8+ Kxh4 41. Ra8 f3 42. Rxa7 f2 43. Rf7 Kg3 44. a4 Rh1 45. a5 f1=Q 46. Rxf1 Rxf1 47. b4 Kf4 48. Kb3 Ke5 49. Kc4 Kd6 50. Kb3 Kc7 51. Kc4 Rf4+ 52. Kc5 Rf5+ 53. Kc4 Kb7 54. Kb3 Ka6 55. Ka4 Rf4 56. Kb3 Kb5 57. c4+ Rxc4 58. a6 Rxb4+ 59. Kc3 Ra4 0-1

[Event "January 2 Late 2024"]
[Site "https://www.chess.com"]
[Date "2024.01.02"]
[Round "1"]
[White "Aghasiyev, Kamal"]
[Black "Doluhanova, Evgeniya"]
[Result "1-0"]
[Board "143"]
[TimeControl "180+1"]
[WhiteFideId "13402854"]
[BlackFideId "14112035"]
[WhiteElo "2654"]
[BlackElo "2350"]
[WhiteTeam "AZE"]
[BlackTeam "UKR"]
[WhiteClock "0:00:08"]
[BlackClock "0:00:03"]

1. d4 Nf6 2. c4 e6 3. Nc3 Bb4 4. e3 O-O 5. Ne2 b6 6. a3 Bxc3+ 7. Nxc3 Ba6 8. Bd3 d5 9. cxd5 Bxd3 10. Qxd3 exd5 11. O-O Nbd7 12. b4 Rc8 13. b5 c5 14. a4 Re8 15. Bb2 cxd4 16. Qxd4 Nc5 17. Rad1 Nb3 18. Qf4 Rc4 19. Nxd5 Rxf4 20. Nxf6+ Rxf6 21. Rxd8 Rxd8 22. Bxf6 gxf6 23. Rb1 Nc5 24. Ra1 Nxa4 25. g3 Nc3 26. Rxa7 Nxb5 27. Rb7 Rd6 28. f4 f5 29. Kf2 Nc3 30. Kf3 b5 31. g4 fxg4+ 32. Kxg4 Kg7 33. Kf5 Rd5+ 34. Kg4 h5+ 35. Kf3 Rc5 36. e4 Na2 37. f5 b4 38. Kf4 Nc1 39. Ke3 b3 40. Kd4 Rc2 41. e5 b2 42. e6 Rd2+ 43. Kc3 Re2 44. Rxf7+ Kh6 45. Rb7 Na2+ 46. Kd3 Re5 47. Rxb2 Nc1+ 48. Kd4 Re1 49. Kd5 Kg7 50. Rb7+ Kf6 51. Rf7+ Kg5 52. e7 Nb3 53. f6 Kg6 54. Rf8 Rd1+ 55. Kc4 Re1 56. Kxb3 Re3+ 57. Kc4 1-0

[Event "January 2 Late 2024"]
[Site "https://www.chess.com"]
[Date "2024.01.02"]
[Round "1"]
[White "Jahnz, Fabian"]
[Black "Niedbala, Bartlomiej"]
[Result "0-1"]
[Board "144"]
[TimeControl "180+1"]
[WhiteFideId "4653300"]
[BlackFideId "21834008"]
[WhiteElo "2344"]
[BlackElo "2653"]
[WhiteTeam "GER"]
[BlackTeam "POL"]
[WhiteClock "0:00:19"]
[BlackClock "0:00:49"]

1. e4 c5 2. Nf3 Nc6 3. c3 Nf6 4. e5 Nd5 5. g3 g6 6. Bg2 Bg7 7. Qe2 O-O 8. O-O d6 9. exd6 Qxd6 10. d3 e5 11. Nbd2 Re8 12. Nc4 Qc7 13. Be3 b6 14. Rad1 Bf5 15. Nh4 Be6 16. Qd2 Rad8 17. Bh6 Bh8 18. Nf3 f6 19. Rfe1 Bf7 20. Be3 Bg7 21. Qc2 h6 22. h4 f5 23. a4 Nf6 24. Na3 Ng4 25. Bc1 Na5 26. Qe2 Bb3 27. Nc2 Bxa4 28. Nh2 Nf6 29. Be3 Rd7 30. Ra1 Bb5 31. c4 Bc6 32. Bxc6 Nxc6 33. Bd2 Red8 34. b4 Rxd3 35. Be3 cxb4 36. Red1 e4 37. Ne1 Rxd1 38. Rxd1 Rxd1 39. Qxd1 Qd7 40. Qb3 Bf8 41. Ng2 Bc5 42. Bxh6 Nd4 43. Qa2 b3 44. Qb2 Qa4 45. Bg5 Qa2 46. Qc1 b2 47. Qf4 b1=Q+ 48. Nf1 Nf3+ 0-1

[Event "January 2 Late 2024"]
[Site "https://www.chess.com"]
[Date "2024.01.02"]
[Round "1"]
[White "Spata, German"]
[Black "CRObliterator"]
[Result "1-0"]
[Board "145"]
[TimeControl "180+1"]
[WhiteFideId "113026"]
[WhiteElo "2652"]
[BlackElo "2341"]
[WhiteTeam "ARG"]
[WhiteClock "0:00:28"]
[BlackClock "0:00:04"]

1. Nf3 Nf6 2. d4 d5 3. Bf4 c5 4. c3 Nc6 5. e3 Qb6 6. Qb3 c4 7. Qc2 Bf5 8. Qc1 Nh5 9. Bg5 h6 10. Bh4 g5 11. Bg3 Bg7 12. Be2 Nxg3 13. hxg3 e5 14. dxe5 Nxe5 15. Nxe5 Bxe5 16. Nd2 O-O 17. Nf3 Bg7 18. O-O Rfe8 19. Rd1 Rad8 20. Nd4 Be4 21. Bf3 Rd7 22. b3 Bxd4 23. Rxd4 cxb3 24. axb3 Bxf3 25. gxf3 Rc8 26. Qb2 Rdc7 27. Rc1 Qa5 28. b4 Qb5 29. Qd2 Qc6 30. Rxd5 Qf6 31. Rd6 Qxf3 32. Rxh6 Kg7 33. Rh2 Qf6 34. Rh5 Rxc3 35. Rxc3 Rxc3 36. Rxg5+ Qxg5 37. Qxc3+ Kg6 38. Qd3+ Kg7 39. Qd4+ Kg6 40. Qxa7 Qb5 41. Qd4 f6 42. Qg4+ Kf7 43. Qd4 Kg6 44. Kg2 Qc6+ 45. e4 Qb5 46. Qc5 Qe2 47. Qf5+ Kf7 48. e5 Qc4 49. Qxf6+ Kg8 50. Qg6+ Kf8 51. Qd6+ Kg7 52. Qf6+ Kg8 53. Qf4 Qd5+ 54. Kg1 Qd1+ 55. Kh2 Qh5+ 56. Kg2 Qd1 57. Qe4 Qd7 58. e6 Qe7 59. b5 Kg7 60. Qg4+ Kf8 61. Qf5+ Ke8 62. Qf7+ Qxf7 63. exf7+ Kxf7 64. Kf3 1-0

[Event "January 2 Late 2024"]
[Site "https://www.chess.com"]
[Date "2024.01.02"]
[Round "1"]
[White "Poddubnyi, Viktor"]
[Black "Jakubowski, Krzysztof"]
[Result "0-1"]
[Board "146"]
[TimeControl "180+1"]
[WhiteFideId "4141989"]
[BlackFideId "1112848"]
[WhiteElo "2341"]
[BlackElo "2651"]
[WhiteTeam "RUS"]
[BlackTeam "POL"]
[WhiteClock "0:00:00"]
[BlackClock "0:00:19"]

1. e4 c5 2. Nf3 d6 3. d4 cxd4 4. Nxd4 Nf6 5. Nc3 a6 6. Be3 e6 7. g4 h6 8. Rg1 b5 9. a3 Bb7 10. Bd3 Nbd7 11. f4 g6 12. Qf3 Rc8 13. f5 e5 14. Nde2 g5 15. h4 gxh4 16. g5 hxg5 17. Bxg5 Be7 18. O-O-O Qa5 19. Rh1 b4 20. axb4 Qxb4 21. Rxh4 Rxh4 22. Bxh4 Nc5 23. Bxf6 Bxf6 24. Qe3 Rb8 25. b3 Qa3+ 26. Kd2 Ke7 27. Rh1 Rg8 28. Rh7 Bg5 0-1

[Event "January 2 Late 2024"]
[Site "https://www.chess.com"]
[Date "2024.01.02"]
[Round "1"]
[White "Janaszak, Dawid"]
[Black "Ankerst, Mihael"]
[Result "0-1"]
[Board "147"]
[TimeControl "180+1"]
[WhiteFideId "1119206"]
[BlackFideId "14602369"]
[WhiteElo "2648"]
[BlackElo "2340"]
[WhiteTeam "POL"]
[BlackTeam "SLO"]
[WhiteClock "0:00:25"]
[BlackClock "0:00:35"]

1. e4 c5 2. Nc3 Nc6 3. Bb5 e6 4. Nf3 Nge7 5. O-O Ng6 6. Re1 Be7 7. d4 cxd4 8. Nxd4 O-O 9. Bf1 Qc7 10. g3 a6 11. Bg2 b5 12. a3 Bb7 13. Be3 Nge5 14. Nxc6 Bxc6 15. Qh5 Rac8 16. Bf4 d6 17. Nd1 Bb7 18. Ne3 Rfd8 19. Rad1 Bf6 20. c3 a5 21. Ng4 Nxg4 22. Qxg4 b4 23. cxb4 axb4 24. axb4 Bxb2 25. Rb1 Bf6 26. b5 Qb6 27. h4 Rc4 28. Be3 Bd4 29. Qe2 Rdc8 30. Bxd4 Rxd4 31. Qe3 Qc5 32. b6 h6 33. Rec1 Rc4 34. Rxc4 Qxc4 35. Qf4 Qc2 36. Ra1 Qb2 37. Ra7 Qxb6 38. Ra1 Rc2 39. h5 d5 40. e5 Qb2 41. Re1 Ba6 42. Bh3 Bc4 43. Bg4 Qc3 44. Rb1 Rb2 45. Rc1 Qd2 46. Qxd2 Rxd2 47. Ra1 Be2 48. Bh3 Bf3 49. g4 Re2 50. Ra8+ Kh7 51. Ra7 Kg8 52. Ra8+ Kh7 53. Ra7 Rxe5 54. Rxf7 Rg5 55. Kh2 Bxg4 56. f4 Rxh5 57. Kg3 Bxh3 58. Re7 Bf5 59. Rf7 Kg6 60. Rf8 Rh3+ 61. Kg2 Rd3 62. Rd8 h5 63. Rd6 Kf6 64. Kh2 Rf3 65. Ra6 Rxf4 66. Ra8 Re4 67. Rf8+ Ke5 68. Rh8 g6 69. Rxh5 gxh5 0-1

[Event "January 2 Late 2024"]
[Site "https://www.chess.com"]
[Date "2024.01.02"]
[Round "1"]
[White "Kartoflenko"]
[Black "Feuerstack, Aljoscha"]
[Result "0-1"]
[Board "148"]
[TimeControl "180+1"]
[BlackFideId "4681932"]
[WhiteElo "2336"]
[BlackElo "2647"]
[BlackTeam "GER"]
[WhiteClock "0:00:00"]
[BlackClock "0:02:16"]

1. c4 c6 2. Nc3 d5 3. e3 Nf6 4. Nf3 g6 5. b3 Bg7 6. Bb2 O-O 7. Be2 Bg4 8. O-O Nbd7 9. d4 a6 10. h3 Bxf3 11. Bxf3 e6 12. Rc1 b5 13. Ba3 Re8 14. Bd6 bxc4 15. bxc4 Nb6 16. c5 Nc4 17. Bg3 e5 18. e4 exd4 0-1

[Event "January 2 Late 2024"]
[Site "https://www.chess.com"]
[Date "2024.01.02"]
[Round "1"]
[White "Principe, Gerson"]
[Black "Gerbelli Neto, Eduardo"]
[Result "0-1"]
[Board "149"]
[TimeControl "180+1"]
[WhiteFideId "3804550"]
[BlackFideId "2103281"]
[WhiteElo "2645"]
[BlackElo "2336"]
[WhiteTeam "PER"]
[BlackTeam "BRA"]
[WhiteClock "0:00:48"]
[BlackClock "0:01:09"]

1. d4 d5 2. Nf3 Nf6 3. c4 c6 4. e3 e6 5. Bd3 Nbd7 6. b3 Bb4+ 7. Bd2 a5 8. O-O O-O 9. Nc3 Re8 10. Qc2 e5 11. dxe5 Nxe5 12. Nxe5 Rxe5 13. Rad1 Bg4 14. Be2 Bxe2 15. Nxe2 Qe7 16. Bc1 dxc4 17. Qxc4 Rc5 18. Qd3 Rd5 19. Qc2 Rad8 20. Bb2 Rd2 21. Bxf6 Qxf6 22. Qc4 Rxd1 0-1

[Event "January 2 Late 2024"]
[Site "https://www.chess.com"]
[Date "2024.01.02"]
[Round "1"]
[White "Kostiukov, Alexandr"]
[Black "Olsen, Filip Boe"]
[Result "0-1"]
[Board "150"]
[TimeControl "180+1"]
[WhiteFideId "14108100"]
[BlackFideId "1440640"]
[WhiteElo "2333"]
[BlackElo "2645"]
[WhiteTeam "UKR"]
[BlackTeam "DEN"]
[WhiteClock "0:00:00"]
[BlackClock "0:00:21"]

1. g3 d5 2. Bg2 c6 3. d3 Nf6 4. e4 dxe4 5. dxe4 Qxd1+ 6. Kxd1 e5 7. f3 Be6 8. Nd2 Nbd7 9. Bh3 Bxh3 10. Nxh3 h6 11. Nc4 O-O-O 12. Ke2 Bc5 13. Be3 Rhe8 14. Nf2 Bb6 15. Nd6+ Kc7 16. Nxe8+ Rxe8 17. Nd3 Bd4 18. c3 Bb6 19. a4 a5 20. Rhd1 Bxe3 21. Kxe3 Nb6 22. b3 Nfd7 23. h4 f6 24. g4 Nf8 25. Nc5 Nbd7 26. Nxd7 Nxd7 27. b4 Ra8 28. g5 hxg5 29. hxg5 Nb6 30. g6 Nc4+ 31. Kf2 Nb2 32. Rd2 Rh8 33. Kg2 Nc4 34. Rd3 Rh6 35. Rad1 Rxg6+ 36. Kf2 Kb6 37. Rd7 Rh6 38. Kg2 Ne3+ 39. Kg3 Nxd1 40. Rxd1 Kc7 41. bxa5 Rh8 42. Rg1 Kd6 43. Kg4 g6 44. Rb1 Rh7 45. Rb6 Kc5 46. Rb4 Rd7 47. f4 exf4 48. Kxf4 Kd6 49. Rb2 Kc7 50. Rb4 Re7 51. Rd4 Re5 0-1

[Event "January 2 Late 2024"]
[Site "https://www.chess.com"]
[Date "2024.01.02"]
[Round "1"]
[White "Manukyan, Sargis A."]
[Black "Shohat, Yotam"]
[Result "0-1"]
[Board "151"]
[TimeControl "180+1"]
[WhiteFideId "13303970"]
[BlackFideId "2813955"]
[WhiteElo "2644"]
[BlackElo "2327"]
[WhiteTeam "ARM"]
[BlackTeam "ISR"]
[WhiteClock "0:01:08"]
[BlackClock "0:00:13"]

1. d4 d5 2. c4 c6 3. Nc3 Nf6 4. e3 g6 5. Nf3 Bg7 6. Be2 O-O 7. cxd5 cxd5 8. O-O Nc6 9. Bd2 Bg4 10. Rc1 Rc8 11. Qb3 Na5 12. Qa4 Nc6 13. h3 Bxf3 14. Bxf3 e6 15. Rc2 Nd7 16. b4 Nb6 17. Qb3 Bxd4 18. exd4 Nxd4 19. Qb1 Nxc2 20. Qxc2 d4 21. Rd1 dxc3 22. Bh6 Qe7 23. Bxf8 Kxf8 24. a3 Rc7 25. Rd3 Qf6 26. Kh2 h5 27. g3 h4 28. gxh4 Qxh4 29. Rxc3 Rxc3 30. Qxc3 Qxf2+ 31. Bg2 Nd5 32. Qc8+ Kg7 33. Qxb7 Nf4 34. a4 Nxg2 35. Qxg2 Qf4+ 36. Qg3 Qxb4 37. Qe5+ Kg8 38. a5 a6 39. Qg5 Qb2+ 40. Kh1 Qb1+ 41. Kh2 Qc2+ 42. Kh1 Qd1+ 43. Kh2 Qe2+ 44. Kh1 Qf1+ 45. Kh2 Qf2+ 46. Kh1 Qd4 47. h4 Kg7 48. Kh2 Qd6+ 49. Kh1 Qd5+ 50. Kg1 Qxg5+ 51. hxg5 f6 52. Kf2 fxg5 53. Ke3 Kf6 54. Kd4 g4 55. Kc5 g3 56. Kb6 g2 57. Kxa6 g1=Q 58. Kb7 e5 59. a6 e4 60. a7 Qxa7+ 61. Kxa7 e3 62. Kb6 e2 63. Kc5 e1=Q 64. Kd4 Qe5+ 65. Kc4 g5 66. Kd3 g4 67. Kc2 g3 68. Kb3 Qd4 69. Kc2 Qe3 70. Kd1 Qf2 71. Kc1 Qe2 72. Kb1 Qd2 73. Ka1 g2 74. Kb1 g1=Q# 0-1